 Dungeon Crawl Stone Soup version 0.21-a0-404-g291f19a (webtiles) character file.

2532 CanOfBees the Carver (level 9, -3/90 HPs)
             Began as a Tengu Monk on Oct 26, 2017.
             Was a Priest of Wu Jian.
             Slain by a killer bee (6 damage)
             ... on level 8 of the Dungeon.
             The game lasted 00:20:04 (9875 turns).

CanOfBees the Carver (Tengu Monk)                   Turns: 9875, Time: 00:20:05

Health: -3/90      AC: 24    Str: 13    XL:     9   Next: 55%
Magic:  10/10      EV:  2    Int: 13    God:    Wu Jian [***...]
Gold:   401        SH:  0    Dex: 18    Spells: 8/8 levels left

rFire    + . .     SeeInvis .   a - +0 falchion
rCold    x . .     Gourm    .   (no shield)
rNeg     + + +     Faith    .   (armour currently unavailable)
rPois    +         Spirit   .   (helmet currently unavailable)
rElec    .         Reflect  .   (cloak currently unavailable)
rCorr    .         Harm     .   (gloves currently unavailable)
MR       .....     NoTele   +   (boots unavailable)
Stlth    ++........             d - amulet of regeneration
HPRegen  0.65/turn              o - ring of fire
MPRegen  0.12/turn              F - ring of positive energy

@: lethally poisoned (-3 -> -6), tree-form
A: clever 1, able to fly 1
a: Fly, Renounce Religion


You were on level 8 of the Dungeon.
You worshipped Wu Jian.
Wu Jian was most pleased with you.
You were not hungry.
You were a tree.
You visited 2 branches of the dungeon, and saw 9 of its levels.
You also visited: Ossuary.

You collected 401 gold pieces.

Inventory:

Hand Weapons
 a - a +0 falchion (weapon)
 i - a +0 spear
 G - a +0 arbalest
Missiles
 g - 32 bolts
 q - 6 javelins (quivered)
Armour
 k - a +0 scale mail
 w - a +0 chain mail (melded)
 y - a +0 cloak (melded)
 z - a +0 cloak
Jewellery
 d - an amulet of regeneration (around neck)
 l - an uncursed amulet of guardian spirit
 o - a ring of fire (left branch)
 F - a ring of positive energy (right branch)
 H - an uncursed ring of positive energy
Wands
 b - a wand of lightning (0/15)
 v - a wand of confusion (27/48)
 A - a wand of disintegration (0/24)
 D - a wand of enslavement (11/24)
Scrolls
 h - 3 scrolls of blinking
 j - 3 scrolls of recharging
 m - a scroll of teleportation
 r - 3 scrolls of enchant weapon
 s - 5 scrolls of identify
 x - a scroll of magic mapping
 B - a scroll of remove curse
 C - a scroll of amnesia {unknown}
 M - a scroll of vulnerability {unknown}
 O - a scroll of random uselessness {unknown}
Potions
 e - 3 potions of lignification
 p - a potion of degeneration {unknown}
 u - 2 potions of mutation
 E - a potion of flight {unknown}
 I - a potion of agility {unknown}
 L - 2 potions of brilliance
 N - a potion of haste {unknown}
Books
 K - a book of Maledictions

   Spells                             Type                      Level
   a - Corona                         Hexes                        1
   b - Ensorcelled Hibernation        Hexes/Ice                    2
   c - Confuse                        Hexes                        3
   d - Tukima's Dance                 Hexes                        3
   e - Dazzling Spray                 Conjuration/Hexes            3
Comestibles
 c - 8 bread rations
 f - a royal jelly
 t - 4 meat rations


   Skills:
 * Level 8.6 Fighting
 * Level 9.3 Long Blades
 - Level 0.5 Crossbows
 + Level 7.0 Dodging
 - Level 2.0 Stealth


You had 8 spell levels left.
You didn't know any spells.

Dungeon Overview and Level Annotations

Branches:
Dungeon (8/15)             Temple (1/1) D:5
   Lair: D:8-11

Altars:
Ashenzari
Cheibriados
Dithmenos
Elyvilon
Fedhas
Gozag
Hepliaklqana
Kikubaaqudgha
Makhleb
Nemelex Xobeh
Okawaru
Qazlal
Ru
Sif Muna
Trog
Uskayaw
Vehumet
Wu Jian
Xom
Yredelemnul
Zin
The Shining One


Innate Abilities, Weirdness & Mutations

((You have a beak for a mouth.))
((You have claws for feet.))
You can fly.
Your mind is acute. (Int +2)
((Your movements are slightly less encumbered by armour. (ER -2)))


Message History

The killer bee is lightly wounded.
* * * LOW HITPOINT WARNING * * *
You feel sick.
The killer bee stings you but does no damage. x2
You barely miss the killer bee.
The killer bee is lightly wounded.
* * * LOW HITPOINT WARNING * * *
You feel sick.
The killer bee stings you but does no damage. x2
Unknown command.
You hit the killer bee.
The killer bee is moderately wounded.
* * * LOW HITPOINT WARNING * * *
You feel sick.
The killer bee stings you but does no damage.
You hit the killer bee.
The killer bee is heavily wounded.
* * * LOW HITPOINT WARNING * * *
You feel sick. The killer bee stings you.
You die...

### #.# ###.### #
?'...##########
#$#'.#..#.......#
#y.'............+
###.####.......#
#########..♣†(.#.......#
#.........#.y#.#...###.#
#..#####....'(.#..... #
#......#.#..####......
#...........##..........
#........##(##.########.
#........+.>..........
#<†......#####(######
###......#####.#


You could see a killer bee.

Vanquished Creatures
  2 porcupines (D:8)
  2 sky beasts (D:5)
  An ice beast (D:5)
  An ogre (D:7)
  A phantom (D:4)
  A black bear (D:7)
  The ghost of HotVapes the Cudgeler, an amateur DsFi (D:3)
  A crocodile (D:8)
  2 centaurs
  3 water moccasin zombies (Ossuary)
  6 killer bees (D:8)
  A howler monkey (D:5)
  2 crimson imps
  2 hounds
  4 orc priests
  An iguana (D:5)
  4 orc wizards
  3 worker ants
  Natasha (thrice) (D:2)
  6 big kobold zombies (Ossuary)
  2 hound zombies (D:7)
  A hound skeleton (D:7)
  2 mummies (Ossuary)
  6 adders
  7 gnolls
  5 shadow imps
  2 oozes
  7 adder zombies (Ossuary)
  An adder skeleton (D:4)
  4 worms
  3 dart slugs
  3 leopard geckos
  19 orcs
  2 ball pythons
  5 bats
  6 giant cockroaches
  2 gnoll zombies (Ossuary)
  6 goblins
  10 hobgoblins
  5 jackals (D:3)
  A quokka (D:4)
  A ball python skeleton (D:4)
  6 frilled lizards
  5 hobgoblin zombies (Ossuary)
  2 kobolds (D:1)
  3 kobold zombies (Ossuary)
  6 orc zombies (Ossuary)
  A quokka skeleton (D:5)
  3 rats
173 creatures vanquished.

Vanquished Creatures (others)
  3 fungi (D:8)
  7 plants (D:8)
10 creatures vanquished.

Grand Total: 183 creatures vanquished

Notes
Turn   | Place    | Note
-------+----------+-------------------------------------------
     0 | D:1      | CanOfBees the Tengu Monk began the quest for the Orb.
     0 | D:1      | Reached XP level 1. HP: 14/14 MP: 2/2
    21 | D:1      | Reached XP level 2. HP: 13/19 MP: 3/3
   383 | D:1      | Reached XP level 3. HP: 23/23 MP: 4/4
   938 | D:2      | Reached skill level 4 in Long Blades
  1410 | D:2      | Noticed Natasha
  1435 | D:2      | Killed Natasha
  1435 | D:2      | Reached XP level 4. HP: 17/29 MP: 5/5
  1602 | D:2      | Noticed Natasha
  1618 | D:2      | Killed Natasha
  2054 | D:2      | Noticed Natasha
  2062 | D:2      | Killed Natasha
  2062 | D:2      | Gained mutation: You can fly. [Tengu growth]
  2062 | D:2      | Reached XP level 5. HP: 29/33 MP: 4/6
  2878 | D:3      | Reached skill level 5 in Long Blades
  3141 | D:3      | Reached XP level 6. HP: 25/39 MP: 4/7
  3494 | D:3      | Found a faded altar of an unknown god.
  3538 | D:3      | Noticed HotVapes's ghost (amateur DsFi)
  3687 | D:3      | Found an iron altar of Okawaru.
  3935 | D:4      | Found a transporter.
  3954 | D:4      | Reached skill level 5 in Fighting
  4033 | D:4      | Found a blossoming altar of Fedhas.
  4184 | D:4      | HP: 2/40 [orc priest/divine providence (15)]
  4755 | D:4      | Reached XP level 7. HP: 41/44 MP: 6/8
  4891 | D:4      | Found a transporter.
  4950 | D:4      | Reached skill level 6 in Long Blades
  4989 | D:3      | Killed HotVapes's ghost
  5328 | D:4      | Reached skill level 5 in Dodging
  5390 | D:4      | Found a snail-covered altar of Cheibriados.
  5907 | D:5      | Entered Level 5 of the Dungeon
  6112 | D:5      | Reached XP level 8. HP: 45/51 MP: 9/9
  6155 | D:5      | Found a sacrificial altar of Ru.
  6155 | D:5      | Found an ancient bone altar of Kikubaaqudgha.
  6159 | D:5      | Found a bloodstained altar of Trog.
  6159 | D:5      | Found a hide-covered altar of Uskayaw.
  6172 | D:5      | Reached skill level 7 in Long Blades
  6222 | D:5      | Found a staircase to the Ecumenical Temple.
  6230 | Temple   | Entered the Ecumenical Temple
  6238 | Temple   | Became a worshipper of the Wu Jian Council
  6238 | Temple   | Reached * piety under Wu Jian
  6238 | Temple   | Reached ** piety under Wu Jian
  6717 | D:6      | Found a white marble altar of Elyvilon.
  6758 | D:6      | Found a glowing silver altar of Zin.
  6901 | D:6      | Gained mutation: Your movements are slightly less encumbered by armour. (ER -2) [potion of mutation]
  6901 | D:6      | Gained mutation: Your mind is acute. (Int +2) [potion of mutation]
  8007 | D:7      | Found a sparkling altar of Nemelex Xobeh.
  8015 | D:7      | Reached skill level 8 in Long Blades
  8047 | D:7      | Found a glowing golden altar of the Shining One.
  8635 | D:8      | Reached XP level 9. HP: 30/58 MP: 10/10
  8640 | D:8      | Found a sand-covered staircase.
  8646 | Ossuary  | Entered an ossuary
  8872 | Ossuary  | Reached *** piety under Wu Jian
  9183 | D:8      | Reached skill level 9 in Long Blades
  9201 | D:7      | HP: 3/60 [poisoned by a killer bee]
  9206 | D:7      | HP: 2/60 [poisoned by a killer bee]
  9212 | D:7      | HP: 2/60 [poisoned by a killer bee]
  9217 | D:7      | HP: 3/60 [poisoned by a killer bee]
  9873 | D:8      | HP: 4/90 [poisoned by a killer bee]
  9875 | D:8      | Slain by a killer bee

Vault maps used:
D:1:      saegor_arrival_simple_f
D:2:      hex_tiny, uniq_natasha
D:3:      okawaru_metal_pillars_1_2, chequers_ecumenical_altar_lobes
D:4:      gammafunk_wand_slinger, lemuel_round_altar, fedhas_altar_1
D:5:      grunt_temple_overflow_open, minmay_temple_entry_overgrown,
          first_bread, hangedman_minor_gate_pass
D:6:      elyvilon_altar_5, zin_academy
D:7:      marbit_many_paths, nemelex_dance_club_becter
D:8:      minmay_lair_entry_grove, nicolae_ossuary_entry_plus,
          blue_anna_alchemist, grunt_decor_mini_mirrors, eino_jars, uniq_maurice
Temple:   nicolae_temple_no_exploring_needed
Ossuary:  ossuary_tomb_2

Skill      XL: |  1  2  3  4  5  6  7  8  9 |
---------------+----------------------------+-----
Long Blades    | 4 5 6 8 9 |  9.3
Fighting       | 4 5 6 7 8 |  8.6
Dodging        | 4 5 6 7 |  7.0
Crossbows      | |  0.5
Stealth        | |  2.0

Action                   |  1- 3 |  4- 6 |  7- 9 || total
-------------------------+-------+-------+-------++-------
Melee: Falchion          |    41 |   182 |   453 ||   676
       Peck              |    15 |    24 |    94 ||   133
       Kick              |    14 |    66 |   176 ||   256
       Spear             |       |       |    23 ||    23
 Fire: Arbalest          |       |       |     1 ||     1
Throw: Javelin           |       |     3 |     9 ||    12
 Abil: Fly               |       |       |     2 ||     2
Evoke: Wand              |       |       |    11 ||    11
  Use: Scroll            |       |     3 |    12 ||    15
       Potion            |       |       |     6 ||     6
 Stab: Sleeping          |     6 |     3 |       ||     9
  Eat: Chunk             |     1 |    11 |    11 ||    23
       Fruit             |       |       |     3 ||     3
       Royal jelly       |       |       |     2 ||     2
Armor: Robe              |     4 |       |       ||     4
       Leather armour    |     2 |    11 |       ||    13
       Chain mail        |       |    68 |   211 ||   279
       Skin              |       |       |    14 ||    14
Dodge: Dodged            |    18 |    87 |   178 ||   283
       Rpst.: Falchion   |     5 |    37 |    50 ||    92

Table legend:
 A = Spawn XP
 B = Non-spawn XP
 C = Spawn XP percentage of total XP
 D = Spawn monster count
 E = Non-spawn monster count
 F = Spawn count percentage of total count
 G = Total turns spent on level
                    A         B        C        D         E        F      G
               +---------+---------+-------+---------+---------+-------+---------
         Total |       0 |    3618 |   0.0 |       0 |     173 |   0.0 |  9875
               +---------+---------+-------+---------+---------+-------+---------
           D:1 |       0 |      42 |   0.0 |       0 |      12 |   0.0 |   853
           D:2 |       0 |     141 |   0.0 |       0 |      16 |   0.0 |  1608
           D:3 |       0 |     346 |   0.0 |       0 |      35 |   0.0 |  1728
           D:4 |       0 |     490 |   0.0 |       0 |      29 |   0.0 |  1718
           D:5 |       0 |     653 |   0.0 |       0 |      17 |   0.0 |   789
           D:6 |       0 |      71 |   0.0 |       0 |       7 |   0.0 |   798
           D:7 |       0 |     467 |   0.0 |       0 |       9 |   0.0 |  1336
           D:8 |       0 |     935 |   0.0 |       0 |      14 |   0.0 |   535
       Ossuary |       0 |     473 |   0.0 |       0 |      34 |   0.0 |   493
               +---------+---------+-------+---------+---------+-------+---------
